 Dungeon Crawl Stone Soup version 0.21.0-37-g46506fa (webtiles) character file.

119 tidbits the Magician (level 5, -12/55 HPs)
             Began as a Gnoll Wizard on Feb 1, 2018.
             Mangled by an ogre
             ... wielding a +0 giant spiked club
              (15 damage)
             ... on level 4 of the Dungeon.
             The game lasted 00:08:03 (664 turns).

tidbits the Magician (Gnoll Wizard)                  Turns: 664, Time: 00:08:04

Health: -12/55     AC: 22    Str:  9    XL:     5   Next: 3%
Magic:  8/14       EV:  2    Int: 21    God:
Gold:   104        SH:  0    Dex: 14    Spells: 5/18 levels left

rFire    + . .     SeeInvis .   a - +0 dagger
rCold    + . .     Gourm    .   (no shield)
rNeg     + + +     Faith    .   (armour currently unavailable)
rPois    +         Spirit   .   (helmet currently unavailable)
rElec    +         Reflect  .   (cloak currently unavailable)
rCorr    +         Harm     .   (gloves currently unavailable)
MR       +....     NoTele   +   (boots currently unavailable)
Stlth    +++.......             (no amulet)
HPRegen  0.18/turn              H - ring of protection from magic
MPRegen  0.14/turn              (no ring)

@: tree-form, resistant
A: distributed training, strong nose
a: no special abilities


You were on level 4 of the Dungeon.
You were not hungry.
You were a tree.
You visited 1 branch of the dungeon, and saw 4 of its levels.

You collected 104 gold pieces.

Inventory:

Hand Weapons
 a - a +0 dagger (weapon)
 o - a +0 short sword
Missiles
 j - 5 tomahawks (quivered)
Armour
 b - a +0 hat (melded)
 l - a cursed -2 pair of boots (melded)
 m - a +0 robe (melded)
Jewellery
 H - a ring of protection from magic (left branch)
   (You found it on level 1 of the Dungeon)
Wands
 r - a wand of random effects (21)
Scrolls
 f - 2 scrolls of noise {unknown}
 h - a scroll of teleportation {unknown}
 k - a scroll of amnesia {unknown}
 p - a scroll of enchant armour {unknown}
 s - a scroll of identify {unknown}
 u - a scroll of random uselessness {unknown}
 v - a scroll of remove curse {unknown}
 w - 3 scrolls of blinking {unknown}
Potions
 n - a potion of degeneration {unknown}
 q - a potion of brilliance {unknown}
 t - a potion of haste {unknown}
Books
 c - a book of Minor Magic

   Spells                             Type                      Level
   a - Magic Dart                     Conjuration                  1
   b - Blink                          Translocation                2
   c - Call Imp                       Summoning                    2
   d - Slow                           Hexes                        2
   e - Conjure Flame                  Conjuration/Fire             3
   f - Mephitic Cloud                 Conjuration/Poison/Air       3
 i - a book of Necromancy
   (You found it on level 4 of the Dungeon)

   Spells                             Type                      Level
   a - Pain                           Necromancy                   1
   b - Animate Skeleton               Necromancy                   1
   c - Vampiric Draining              Necromancy                   3
   d - Regeneration                   Charms/Necromancy            3
   e - Animate Dead                   Necromancy                   4
   f - Borgnjor's Vile Clutch         Necromancy/Earth             5
Comestibles
 d - 6 rations


   Skills:
 + Level 1.3 Fighting
 + Level 1.3 Short Blades
 + Level 1.3 Long Blades
 + Level 1.3 Axes
 + Level 1.3 Maces & Flails
 + Level 1.3 Polearms
 + Level 1.3 Staves
 + Level 1.3 Slings
 + Level 1.3 Bows
 + Level 1.3 Crossbows
 + Level 1.3 Throwing
 + Level 1.3 Armour
 + Level 4.7 Dodging
 + Level 4.3 Stealth
 + Level 1.3 Shields
 + Level 1.3 Unarmed Combat
 + Level 7.2 Spellcasting
 + Level 2.3 Conjurations
 + Level 1.0 Hexes
 + Level 1.0 Charms
 + Level 2.3 Summonings
 + Level 1.0 Necromancy
 + Level 2.3 Translocations
 + Level 1.0 Transmutations
 + Level 1.0 Fire Magic
 + Level 1.0 Ice Magic
 + Level 1.0 Air Magic
 + Level 1.0 Earth Magic
 + Level 1.0 Poison Magic
 + Level 1.4 Invocations
 + Level 1.3 Evocations


You had 5 spell levels left.
You knew the following spells:

 Your Spells              Type           Power        Failure   Level  Hunger
a - Magic Dart            Conj           ###.         3%          1    None
b - Blink                 Tloc           N/A          4%          2    None
c - Conjure Flame         Conj/Fire      ##......     13%         3    None
i - Call Imp              Summ           ###.....     4%          2    None
m - Mephitic Cloud        Conj/Pois/Air  ##......     14%         3    None
o - Slow                  Hex            ##......     9%          2    None


Dungeon Overview and Level Annotations

Branches:
Dungeon (4/15)
 Temple: D:4-7

Altars:

Annotations:
D:3 Terence


Innate Abilities, Weirdness & Mutations

Your experience applies equally to all skills.
((You have very sharp teeth.))
Your uncanny sense of smell can sniff out nearby items.


Message History

You see here a stone.
Terence the Incautious comes into view.
He is wielding a mace.
Terence shouts!
The rat barely misses you.
The frilled lizard hisses angrily.
You see here 11 stones.
An adder comes into view.
Found a stone staircase leading down.
There is a stone staircase leading down here.
Unknown command.
The rat misses you.
You climb downwards.
An adder and a hound come into view.
Found five items.
There is a stone staircase leading up here.
You hit the rat. You bite the rat.
The rat is severely wounded.
The rat misses you.
Evoke which item? (* to show all) (? for menu, Esc to quit)
Aiming: Random Effects
Press: ? - help, Shift-Dir - straight line, f - hound
Aim: a hound The hound seems to speed up.
The adder hisses angrily.
The rat misses you.
Evoke which item? (* to show all) (? for menu, Esc to quit)
Aiming: Random Effects
Press: ? - help, Shift-Dir - straight line, f/p - hound
Aim: a hound (fast)
The hound seems to slow down.
The hound closely misses you. The rat barely misses you.
The hound closely misses you.
You feel protected. The adder barely misses you. The hound bites you.
The rat bites you.
Casting: Mephitic Cloud
Confirm with . or Enter, or press ? or * to list all spells.
Aiming: Mephitic Cloud
Press: ? - help, Shift-Dir - straight line, f/p - hound
Aim: a hound (fast+slow)
The ball explodes into a vile cloud!
The stinking cloud engulfs the hound.
The stinking cloud engulfs the adder.
The stinking cloud engulfs you!
The stinking cloud engulfs the rat.
The rat is severely wounded.
You hear a shout! x2
The hound is engulfed in noxious fumes.
The hound appears confused.
The adder is engulfed in noxious fumes.
The adder appears confused.
The rat is engulfed in noxious fumes.
The rat appears confused.
You kill the rat!
The hound is engulfed in noxious fumes.
The hound appears confused.
Unknown command.
You hit the adder.
The adder is heavily wounded.
The adder is engulfed in noxious fumes.
The adder appears confused.
You catch the helpless adder completely off-guard!
You puncture the adder!
You kill the adder!
Found 6 tomahawks.
You see here an adder corpse.
An ogre comes into view. It is wielding a giant spiked club.
The ogre shouts!
You hit the hound.
The hound is moderately wounded.
An orc comes into view. It is wielding a flail.
You catch the helpless hound completely off-guard!
You puncture the hound!
The hound is almost dead.
You hit the hound but do no damage.
The hound is almost dead.
The hound misses you.
A howler monkey skeleton comes into view.
You hit the hound.
You kill the hound!
Your Hexes skill increases to level 1!
Your Charms skill increases to level 1!
Your Necromancy skill increases to level 1!
Your Transmutations skill increases to level 1!
Your Fire Magic skill increases to level 1!
Your Ice Magic skill increases to level 1!
Your Air Magic skill increases to level 1!
Your Earth Magic skill increases to level 1!
Your Poison Magic skill increases to level 1!
You have reached level 5!
A giant cockroach comes into view.
Found a ration.
You see here a book of Necromancy.
i - a book of Necromancy The ogre hits you with a giant spiked club!!
Ouch! That really hurt!
* * * LOW HITPOINT WARNING * * *
A worker ant comes into view.
The worker ant twitches its antennae in your direction.
Okay, then.
It was a potion of lignification.
You turn into a tree.
Your +0 hat melds into your body.
Your cursed -2 pair of boots melds into your body.
Your +0 robe melds into your body.
Your roots penetrate the ground.
The ogre hits you with a giant spiked club!
* * * LOW HITPOINT WARNING * * *
It was a potion of flight.
Your roots keep you in place.
The orc hits you but does no damage.
The ogre hits you with a giant spiked club!
You die...

##.............
............?.[(
.....a.........
.......s......
............#
............# #
..........o.##...%
%.......†.♣.....#
.......<..O.....#
........†..Z$...#
..................
######..........##
#..........#
#.%.........#
#............
#.........


You could see an ogre, a worker ant, an orc, a giant cockroach and a howler
monkey skeleton.

Vanquished Creatures
  A hound (D:4)
  Jessica (D:3)
  Ijyb (D:3)
  An adder (D:4)
  An orc (D:3)
  2 ball pythons
  A giant cockroach (D:2)
  3 goblins
  5 hobgoblins
  2 bats
  2 frilled lizards
  10 kobolds
  4 rats
34 creatures vanquished.

Vanquished Creatures (others)
  6 toadstools (D:3)
6 creatures vanquished.

Grand Total: 40 creatures vanquished

Notes
Turn   | Place    | Note
-------+----------+-------------------------------------------
     0 | D:1      | tidbits the Gnoll Wizard began the quest for the Orb.
     0 | D:1      | Reached XP level 1. HP: 13/13 MP: 8/8
    92 | D:2      | Reached skill level 2 in Conjurations
    92 | D:2      | Reached skill level 2 in Summonings
    92 | D:2      | Reached skill level 2 in Translocations
   141 | D:2      | Reached XP level 2. HP: 19/19 MP: 7/10
   145 | D:2      | Learned a level 2 spell: Blink
   148 | D:2      | Learned a level 2 spell: Call Imp
   193 | D:3      | Noticed Ijyb
   198 | D:3      | Learned a level 2 spell: Slow
   401 | D:3      | Reached XP level 3. HP: 25/25 MP: 4/11
   411 | D:2      | Learned a level 3 spell: Conjure Flame
   415 | D:2      | Learned a level 3 spell: Mephitic Cloud
   518 | D:3      | Killed Ijyb
   518 | D:3      | Reached skill level 1 in Invocations
   572 | D:3      | Noticed Jessica
   574 | D:3      | Killed Jessica
   574 | D:3      | Reached skill level 1 in Fighting
   574 | D:3      | Reached skill level 1 in Short Blades
   574 | D:3      | Reached skill level 1 in Long Blades
   574 | D:3      | Reached skill level 1 in Axes
   574 | D:3      | Reached skill level 1 in Maces & Flails
   574 | D:3      | Reached skill level 1 in Polearms
   574 | D:3      | Reached skill level 1 in Staves
   574 | D:3      | Reached skill level 1 in Slings
   574 | D:3      | Reached skill level 1 in Bows
   574 | D:3      | Reached skill level 1 in Crossbows
   574 | D:3      | Reached skill level 1 in Throwing
   574 | D:3      | Reached skill level 1 in Armour
   574 | D:3      | Reached skill level 1 in Shields
   574 | D:3      | Reached skill level 1 in Unarmed Combat
   574 | D:3      | Reached skill level 1 in Evocations
   574 | D:3      | Reached XP level 4. HP: 32/32 MP: 4/13
   642 | D:3      | Noticed Terence
   656 | D:4      | Noticed an ogre
   660 | D:4      | Reached skill level 1 in Hexes
   660 | D:4      | Reached skill level 1 in Charms
   660 | D:4      | Reached skill level 1 in Necromancy
   660 | D:4      | Reached skill level 1 in Transmutations
   660 | D:4      | Reached skill level 1 in Fire Magic
   660 | D:4      | Reached skill level 1 in Ice Magic
   660 | D:4      | Reached skill level 1 in Air Magic
   660 | D:4      | Reached skill level 1 in Earth Magic
   660 | D:4      | Reached skill level 1 in Poison Magic
   660 | D:4      | Reached XP level 5. HP: 35/37 MP: 8/14
   663 | D:4      | HP: 3/55 [ogre/giant spiked club (13)]
   664 | D:4      | Mangled by an ogre

Skill      XL: |  1  2  3  4 |
---------------+-------------+-----
Conjurations   | 2 |  2.3
Summonings     | 2 |  2.3
Translocations | 2 |  2.3
Invocations    | 1 |  1.4
Fighting       | 1 |  1.3
Short Blades   | 1 |  1.3
Long Blades    | 1 |  1.3
Axes           | 1 |  1.3
Maces & Flails | 1 |  1.3
Polearms       | 1 |  1.3
Staves         | 1 |  1.3
Slings         | 1 |  1.3
Bows           | 1 |  1.3
Crossbows      | 1 |  1.3
Throwing       | 1 |  1.3
Armour         | 1 |  1.3
Shields        | 1 |  1.3
Unarmed Combat | 1 |  1.3
Evocations     | 1 |  1.3
Hexes          | 1 |  1.0
Charms         | 1 |  1.0
Necromancy     | 1 |  1.0
Transmutations | 1 |  1.0
Fire Magic     | 1 |  1.0
Ice Magic      | 1 |  1.0
Air Magic      | 1 |  1.0
Earth Magic    | 1 |  1.0
Poison Magic   | 1 |  1.0
Dodging        | |  4.7
Stealth        | |  4.3
Spellcasting   | |  7.2

Action                   |  1- 3 |  4- 6 || total
-------------------------+-------+-------++-------
Melee: Dagger            |    19 |     7 ||    26
       Bite              |     2 |     1 ||     3
 Cast: Magic Dart        |    48 |     2 ||    50
       Mephitic Cloud    |     3 |     2 ||     5
       Blink             |     2 |       ||     2
Evoke: Wand              |       |     2 ||     2
  Use: Potion            |     1 |     3 ||     4
 Stab: Sleeping          |     2 |       ||     2
       Confused          |     3 |     2 ||     5
Armor: Robe              |     1 |       ||     1
       Skin              |       |     1 ||     1
Dodge: Dodged            |     8 |    12 ||    20

Table legend:
 A = Turns spent in this place as a percentage of turns spent in the entire game.
 B = Non-inter-level travel turns spent in this place as a percentage of non-inter-level travel turns spent in the entire game.
 C = Inter-level travel turns spent in this place as a percentage of turns spent in this place.
 D = Turns resting spent in this place as a percentage of non-inter-level travel turns spent in this place.
 E = Turns spent auto-exploring this place as a percentage of non-inter-level travel turns spent in this place.
 F = Non-inter-level travel turns spent in this place divided by the number of levels of this place that you've seen.
                   A       B       C       D       E      F
               +-------+-------+-------+-------+-------+----------------------
         Total | 100.0 | 100.0 |   0.0 |   0.0 |   0.0 | 166.0
       Dungeon | 100.0 | 100.0 |   0.0 |   0.0 |   0.0 | 166.0
               +-------+-------+-------+-------+-------+----------------------

Table legend:
 A = Kills in this place as a percentage of kills in entire the game.
 B = Kills by you in this place as a percentage of kills by you in the entire game.
 C = Kills by friends in this place as a percentage of kills by friends in the entire game.
 D = Other kills in this place as a percentage of other kills in the entire game.
 E = Experience gained in this place as a percentage of experience gained in the entire game.
 F = Experience gained in this place divided by the number of levels of this place that you have seen.
                   A       B       C       D       E      F
               +-------+-------+-------+-------+-------+----------------------
         Total | 100.0 | 100.0 |   N/A |   N/A | 100.0 |  42.5
       Dungeon | 100.0 | 100.0 |   N/A |   N/A | 100.0 |  42.5
               +-------+-------+-------+-------+-------+----------------------

Vault maps used:
D:1:      eino_arrival_tree_alley
D:2:      minitemple
D:3:      cheibrodos_fertilizer, lexackson_kobold_supper, uniq_terence,
          uniq_jessica, uniq_robin, uniq_ijyb
D:4:      first_ration
